Map: Orbital Shipyard

Players

Phoenician - Winner!

  • Race: Zerg Zerg
  • League: Diamond

ReacH

  • Race: Protoss Protoss

VOD

Have the link to the VOD?

Description

Time

  • Played on: Feb. 16, 2016, 3:42 p.m.
  • Length: 21:01
Show
View Real Time Build Order
Export as new Build Order

Phoenician Zerg - Winner!

Build Orders: Hatch First 

Get SALT Encoding   

  12  0:01  Drone  
  13  0:12  Overlord  
  13  0:22  Drone  
  14  0:30  Drone x2  
  14  0:34  Drone  
  17  0:53  Hatchery  
  16  0:58  Drone x2  
  18  1:07  Extractor  
  18  1:11  Drone  
  18  1:23  Spawning Pool  
  18  1:24  Drone  
  18  1:29  Drone  
  19  1:38  Drone  
  20  1:49  Overlord  
  20  2:00  Drone  
  21  2:05  Drone  
  22  2:09  Queen  
  22  2:10  Queen  
  22  2:11  Zergling x2  
  28  2:15  Drone  
  28  2:23  Drone  
  28  2:25  Metabolic Boost  
  28  2:28  Drone  
  30  2:34  Drone  
  31  2:37  Overlord  
  31  2:44  Queen, Drone  
  31  2:49  Drone  
  35  2:59  Drone x2  
  35  3:00  Hatchery  
  36  3:16  Drone x3  
  39  3:20  Extractor  
  39  3:22  Roach Warren  
  39  3:23  Extractor  
  36  3:27  Zergling x10  
  36  3:28  Zergling x2  
  41  3:35  Overlord  
  41  3:53  Overlord, Drone  
  41  3:54  Drone x2  
  43  3:56  Overlord x3  
  43  3:59  Spore Crawler  
  43  4:02  Spore Crawler  
  41  4:03  Drone x2  
  41  4:08  Lair  
  43  4:18  Drone x3  
  43  4:20  Drone  
  43  4:21  Spore Crawler  
  45  4:25  Drone x3  
  45  4:31  Drone  
  48  4:35  Extractor  
  48  4:38  Drone x2  
  49  4:40  Evolution Chamber  
  49  4:41  Evolution Chamber  
  49  4:44  Spore Crawler  
  46  4:46  Spore Crawler  
  46  4:50  Spore Crawler  
  46  4:52  Spore Crawler  
  42  4:53  Spore Crawler  
  42  4:58  Drone, Spore Crawler  
  42  5:00  Drone  
  42  5:01  Drone  
  42  5:04  Drone  
  43  5:10  Zerg Missile Weapons Level 1  
  42  5:18  Zerg Ground Armor Level 1  
  42  5:22  Drone x5  
  42  5:24  Drone  
  48  5:31  Drone x4  
  52  5:37  Drone x3  
  54  5:48  Drone x6  
  54  5:49  Drone  
  58  5:53  Drone x3  
  58  5:56  Drone, Extractor  
  61  5:57  Drone  
  61  5:59  Overlord  
  61  6:02  Glial Reconstitution  
  62  6:08  Drone x4  
  66  6:22  Roach x4  
  74  6:27  Drone x2  
  74  6:29  Overseer  
  74  6:30  Roach x2  
  80  6:33  Overseer  
  80  6:37  Hatchery  
  79  6:46  Overlord x3, Roach  
  79  6:47  Overlord x2  
  82  6:54  Ravager  
  82  6:55  Overlord x3  
  82  6:56  Overlord x2  
  82  7:03  Pneumatized Carapace  
  82  7:05  Queen  
  82  7:09  Roach x5  
  92  7:18  Roach x4  
  92  7:22  Zerg Missile Weapons Level 2  
  100  7:28  Roach x5  
  100  7:29  Overlord  
  110  7:32  Roach  
  110  7:33  Roach  
  114  7:43  Roach x4  
  114  7:44  Roach x2  
  126  7:48  Roach x2  
  126  7:50  Roach  
  132  8:03  Overseer x2  
  132  8:06  Zergling x16  
  140  8:18  Zergling x20  
  140  8:19  Zergling x2  
  151  8:25  Drone x3  
  154  8:29  Infestation Pit, Zerg Ground Armor Level 2  
  153  8:35  Zergling x6  
  137  8:47  Spore Crawler x2  
  127  8:49  Zergling x2  
  127  8:50  Roach x4  
  116  9:15  Hive  
  116  9:16  Hydralisk Den  
  111  9:23  Drone x3  
  111  9:24  Drone x8  
  114  9:27  Extractor  
  114  9:28  Extractor  
  94  9:56  Spire  
  94  9:57  Zerg Melee Weapons Level 1  
  89  10:00  Drone x3  
  89  10:03  Roach  
  89  10:04  Roach x14  
  114  10:16  Overseer  
  114  10:18  Drone x4  
  116  10:22  Extractor, Hatchery  
  116  10:25  Hydralisk, Zergling x4  
  118  10:31  Ultralisk Cavern  
  114  10:44  Drone x2  
  114  10:45  Drone, Spine Crawler  
  114  10:47  Spine Crawler  
  115  10:53  Drone x3, Spine Crawler  
  115  10:54  Drone, Spine Crawler  
  115  10:55  Drone x2  
  119  10:58  Hydralisk x7  
  129  11:06  Hydralisk  
  129  11:07  Hydralisk x3  
  133  11:12  Queen, Mutalisk x2  
  137  11:23  Zergling x12  
  143  11:25  Chitinous Plating  
  143  11:30  Zergling x2  
  143  11:32  Overlord x4  
  144  11:39  Muscular Augments  
  143  11:44  Drone x2  
  143  11:45  Drone x2  
  146  11:52  Greater Spire  
  148  11:54  Roach x5  
  148  11:55  Roach x5  
  148  12:00  Spore Crawler  
  163  12:25  Corruptor x4  
  163  12:26  Corruptor  
  163  12:29  Spine Crawler  
  168  12:45  Overlord x4  
  168  12:46  Overlord x2  
  118  13:05  Corruptor x4  
  110  13:06  Corruptor x3  
  122  13:14  Zergling x14  
  123  13:32  Brood Lord x2  
  123  13:33  Brood Lord  
  115  13:34  Zergling x2  
  115  13:35  Zergling x12  
  122  13:41  Drone x2  
  122  13:42  Extractor, Drone x2  
  122  13:43  Extractor  
  122  13:46  Zergling x4  
  122  13:47  Zergling x2  
  125  13:50  Brood Lord x2  
  125  13:54  Hydralisk x3, Zergling x2  
  134  14:08  Roach x5  
  134  14:09  Roach  
  145  14:19  Hydralisk x5  
  155  14:27  Roach x6  
  155  14:30  Spine Crawler  
  166  14:40  Roach x2  
  166  14:41  Roach x5  
  176  14:58  Roach x3  
  176  14:59  Roach x2  
  146  15:21  Hatchery  
  132  15:27  Ultralisk  
  132  15:28  Ultralisk x3  
  130  15:41  Zergling x2  
  130  15:42  Zergling x18  
  128  15:44  Infestor  
  126  15:54  Drone x6  
  132  16:04  Infestor x2  
  132  16:08  Baneling Nest  
  132  16:11  Zergling x4  
  136  16:15  Overseer  
  136  16:17  Spore Crawler  
  136  16:30  Zergling x14  
  136  16:31  Zergling x6  
  143  16:54  Hydralisk x2  
  143  16:55  Hydralisk x3  
  153  17:06  Mutalisk x3  
  153  17:07  Mutalisk  
  161  17:19  Hydralisk x3  
  161  17:21  Hydralisk  
  169  17:24  Baneling  
  169  17:25  Baneling x3  
  168  17:44  Extractor  
  168  17:47  Extractor  
  149  18:04  Spore Crawler  
  131  18:06  Spore Crawler  
  122  18:17  Overseer, Zergling x2  
  122  18:18  Zergling x22  
  130  18:35  Hydralisk x4  
  135  19:11  Ultralisk x3  
  135  19:12  Ultralisk x2  
  135  19:14  Infestor x2  
  169  19:19  Drone x3  
  172  19:26  Zergling x8  
  176  19:33  Overseer  
  176  19:47  Hatchery  
  176  19:48  Baneling x4  
  176  19:49  Baneling  
  175  20:24  Roach x2  
  175  20:25  Roach x4  
  191  20:56  Spine Crawler  
  190  20:57  Spine Crawler  
Show
View Real Time Build Order
Export as new Build Order

ReacH Protoss 

Build Orders: 1 Gate Expand, Phoenix Opening 

Get SALT Encoding   

  12  0:01  Probe (Chrono Boost)  
  13  0:12  Probe (Chrono Boost)  
  14  0:19  Pylon  
  14  0:23  Probe (Chrono Boost)  
  15  0:33  Assimilator  
  15  0:38  Probe (Chrono Boost)  
  16  0:48  Gateway, Probe (Chrono Boost)  
  17  0:59  Probe (Chrono Boost)  
  18  1:09  Probe (Chrono Boost)  
  19  1:20  Probe (Chrono Boost)  
  20  1:28  Nexus  
  20  1:31  Probe (Chrono Boost)  
  21  1:41  Cybernetics Core  
  21  1:44  Probe (Chrono Boost)  
  22  1:51  Pylon  
  22  1:56  Assimilator  
  22  2:00  Probe (Chrono Boost)  
  23  2:11  Probe (Chrono Boost)  
  24  2:19  Pylon  
  24  2:21  Adept (Chrono Boost), Probe (Chrono Boost)  
  27  2:26  Warp Gate  
  28  2:39  Mothership Core  
  28  2:41  Stargate  
  28  2:43  Probe  
  29  2:51  Stalker (Chrono Boost)  
  32  2:53  Probe  
  33  3:00  Probe  
  33  3:04  Probe  
  35  3:12  Probe  
  36  3:13  Pylon  
  36  3:14  Probe  
  37  3:24  Probe  
  37  3:26  Probe  
  39  3:29  Phoenix (Chrono Boost)  
  41  3:37  Probe  
  41  3:38  Probe  
  43  3:45  Pylon  
  43  3:49  Probe  
  43  3:50  Probe  
  43  3:51  Phoenix (Chrono Boost)  
  45  4:01  Probe  
  46  4:06  Nexus  
  46  4:10  Pylon, Probe  
  46  4:13  Probe  
  46  4:15  Phoenix (Chrono Boost)  
  50  4:23  Probe  
  51  4:26  Probe  
  52  4:34  Gateway  
  52  4:35  Gateway  
  52  4:36  Assimilator  
  52  4:38  Assimilator  
  52  4:40  Pylon  
  52  4:41  Probe  
  52  4:45  Probe  
  54  4:48  Phoenix (Chrono Boost)  
  54  4:52  Adept  
  58  4:58  Probe  
  58  4:59  Probe  
  60  5:07  Robotics Facility, Twilight Council  
  60  5:11  Probe  
  60  5:13  Forge  
  58  5:16  Adept  
  58  5:19  Probe  
  61  5:24  Probe  
  61  5:27  Nexus  
  62  5:29  Pylon  
  62  5:32  Probe  
  62  5:35  Pylon  
  63  5:36  Probe  
  63  5:41  Phoenix (Chrono Boost)  
  66  5:48  Probe  
  67  5:50  Probe  
  67  5:53  Pylon  
  67  5:54  Adept  
  67  5:56  Immortal  
  74  6:00  Protoss Ground Weapons Level 1  
  74  6:03  Charge  
  74  6:08  Probe x2  
  76  6:14  Sentry  
  78  6:20  Probe x2  
  78  6:24  Robotics Bay  
  81  6:32  Probe  
  81  6:33  Probe  
  82  6:41  Immortal  
  82  6:44  Probe  
  82  6:46  Robotics Facility  
  87  6:47  Probe  
  87  6:51  Probe  
  87  6:52  Assimilator  
  89  6:55  Assimilator  
  89  6:57  Probe  
  90  7:02  Probe  
  90  7:03  Probe  
  92  7:19  Disruptor  
  92  7:21  Pylon  
  92  7:22  Stalker x3  
  101  7:24  Pylon  
  101  7:28  Pylon  
  101  7:44  Blink  
  101  7:50  Gateway  
  104  7:54  Warp Prism (Chrono Boost)  
  104  7:55  Disruptor (Chrono Boost), Gateway x2  
  104  7:56  Gateway  
  106  7:59  Stalker x3  
  106  8:02  Probe x2  
  114  8:08  Probe  
  115  8:14  Probe x2  
  115  8:18  Pylon  
  117  8:26  Disruptor (Chrono Boost)  
  123  8:27  Disruptor (Chrono Boost)  
  123  8:28  Stalker  
  123  8:29  Stalker x2  
  123  8:33  Pylon  
  129  8:35  Pylon  
  129  8:36  Nexus  
  129  8:37  Pylon  
  107  8:57  Disruptor (Chrono Boost)  
  106  9:07  Disruptor (Chrono Boost)  
  106  9:08  Adept  
  106  9:09  Adept  
  93  9:28  Disruptor (Chrono Boost)  
  89  9:31  Stalker x5  
  89  9:32  Stalker  
  89  9:33  Probe  
  89  9:38  Disruptor (Chrono Boost)  
  96  9:49  Probe  
  86  9:55  Probe  
  86  9:59  Disruptor (Chrono Boost)  
  90  10:01  Pylon, Probe  
  88  10:14  Probe  
  88  10:20  Zealot x2  
  88  10:21  Zealot x4  
  95  10:23  Probe  
  95  10:25  Nexus  
  95  10:26  Probe  
  103  10:33  Disruptor (Chrono Boost)  
  103  10:34  Disruptor (Chrono Boost)  
  109  10:42  Assimilator  
  105  10:43  Templar Archives, Assimilator  
  105  10:57  Adept x5  
  105  10:58  Adept  
  117  11:08  Probe  
  117  11:09  Probe  
  115  11:18  Stalker x5  
  109  11:20  Probe  
  109  11:21  Probe  
  111  11:33  Zealot, Probe x2  
  111  11:37  Gateway  
  111  11:38  Gateway  
  115  11:43  Gateway  
  115  11:44  Gateway  
  115  11:46  Disruptor (Chrono Boost)  
  118  11:47  Disruptor (Chrono Boost)  
  118  11:50  Stalker x2  
  118  11:52  Probe x2  
  118  11:54  Probe  
  127  11:55  Probe  
  125  12:03  Stalker x4  
  125  12:04  Probe  
  134  12:13  Protoss Ground Weapons Level 2  
  134  12:29  Zealot x4  
  145  12:37  Immortal x2 (Chrono Boost)  
  141  12:47  Stalker x2  
  106  13:07  Zealot x2  
  106  13:08  Zealot  
  106  13:10  Disruptor (Chrono Boost)  
  98  13:30  Stalker x6  
  110  13:42  Pylon  
  107  14:04  Probe x2  
  107  14:05  Probe x2  
  107  14:07  High Templar x3  
  107  14:08  High Templar x4  
  125  14:16  Archon x3  
  125  14:20  Immortal (Chrono Boost)  
  125  14:21  Immortal (Chrono Boost)  
  133  14:25  Zealot x3  
  133  14:27  Probe x2  
  133  14:30  Probe  
  139  14:37  Psionic Storm  
  139  14:38  Dark Shrine  
  140  14:40  Zealot x3  
  140  14:41  Zealot x4  
  152  14:47  High Templar  
  152  14:50  Zealot  
  156  14:58  Archon  
  156  14:59  Void Ray (Chrono Boost)  
  149  15:13  Probe  
  126  15:16  Stalker x5  
  126  15:20  Probe  
  114  15:25  Zealot x2  
  109  15:30  Probe  
  98  15:49  Nexus  
  98  15:52  Dark Templar x2  
  102  15:58  Dark Templar  
  104  16:07  Dark Templar x2  
  108  16:14  Immortal  
  112  16:36  Zealot x2  
  112  16:37  Zealot  
  116  16:41  Pylon  
  112  16:53  Dark Templar x2  
  112  17:07  Immortal (Chrono Boost)  
  116  17:09  Immortal (Chrono Boost)  
  120  17:27  Nexus  
  120  17:35  Archon  
  120  17:37  High Templar x4  
  128  17:52  Archon x2  
  110  18:04  Zealot x2  
  110  18:05  Zealot x4  
  82  18:14  Immortal x2 (Chrono Boost)  
  82  18:16  Zealot x2  
  62  18:40  High Templar x4  
  68  18:42  High Templar  
  68  18:46  Archon x2  
  56  19:07  Zealot x4  
  57  19:13  Probe  
  50  19:24  High Templar x2  
  54  19:34  Archon  
  54  19:51  Zealot  
  56  19:54  Zealot  
  54  20:17  High Templar x2  
  51  20:35  High Templar  
  51  20:36  High Templar  
Tags
 
Add a new tag
Caveats
  • Supply blocks, unpowered buildings, or Contaminate may cause inaccurate times.
  • Supply counts are checked every 10 seconds.